 Dungeon Crawl Stone Soup version 0.26.1-2-gb8aa6d0cf2 (console) character file.

Game seed: 9973372677344860203

6001 om the Grappler (level 10, -3/92 HPs)
             Began as a Troll Berserker on Feb 24, 2021.
             Was a High Priest of Trog.
             Slain by a hornet (5 damage)
             ... on level 10 of the Dungeon.
             The game lasted 00:27:25 (8330 turns).

om the Grappler (Troll Berserker)                   Turns: 8330, Time: 00:27:25

Health: -3/92      AC:  7    Str: 27    XL:     10   Next: 55%
Magic:  9/9        EV: 13    Int:  4    God:    Trog [*****.]
Gold:   72         SH:  0    Dex: 11    Spells: 9/9 levels left

rFire    . . .     SeeInvis .   B - +0 mace (protect)
rCold    . . .     Faith    .   (no shield)
rNeg     . . .     Spirit   .   a - +1 animal skin
rPois    .         Reflect  .   H - +0 hat
rElec    .         Harm     .   (no cloak)
rCorr    .         Rampage  .   (gloves unavailable)
Will     .....                  (boots unavailable)
Stlth    +.........             f - amulet of regeneration
HPRegen  1.05/turn              (no ring)
MPRegen  0.11/turn              (no ring)

@: lethally poisoned (-3 -> -3), slowed, very slow
A: large, unfitting armour, claws 3, regeneration 1, shaggy fur 1, tough skin 3
a: Renounce Religion, Berserk, Trog's Hand, Brothers in Arms


You were on level 10 of the Dungeon.
You worshipped Trog.
Trog was extremely pleased with you.
You visited 1 branch of the dungeon, and saw 10 of its levels.
You also visited: Ossuary.

You collected 586 gold pieces.
You spent 514 gold pieces at shops.

Inventory:

Hand Weapons
 v - a +1 vorpal rapier
 z - a +0 whip of flaming
 B - a +0 mace of protection (weapon)
 C - a +1 antimagic morningstar
 F - a +2 dagger of venom
Armour
 a - a +1 animal skin (worn)
 G - a +2 pair of boots of rampaging
 H - a +0 hat (worn)
Jewellery
 f - an amulet of regeneration (around neck)
Wands
 h - a wand of iceblast (7)
 m - a wand of flame (35)
Scrolls
 c - 4 scrolls of magic mapping
 g - 2 scrolls of immolation
 i - 5 scrolls of fog
 j - 4 scrolls of remove curse
 n - 4 scrolls of teleportation
 r - 2 scrolls of enchant weapon
 t - a scroll of brand weapon {unknown}
 u - a scroll of holy word
 y - 2 scrolls of blinking
 A - 2 scrolls of torment {unknown}
 D - a scroll of enchant armour
 E - 3 scrolls of identify
Potions
 b - 3 potions of cancellation
 d - 3 potions of curing
 e - a potion of heal wounds
 k - a potion of haste
 l - 2 potions of lignification
 o - a potion of resistance
 p - 3 potions of might
 q - 3 potions of flight
 s - 3 potions of magic
 w - 2 potions of ambrosia
 x - a potion of invisibility


   Skills:
 - Level 4.0 Fighting
 * Level 7.5 Maces & Flails
 - Level 8.0 Dodging
 - Level 8.0 Unarmed Combat
 - Level 4.6 Evocations


You had 9 spell levels left.
You didn't know any spells.
Your spell library was empty.

Dungeon Overview and Level Annotations

Branches:
Dungeon (10/15)            Temple (0/1) D:6         Ossuary (visited)
   Lair: D:8-11         Orc: D:9-12

Altars:
Ashenzari
Elyvilon
Fedhas
Gozag
Kikubaaqudgha
Makhleb
Okawaru
Qazlal
Sif Muna
Vehumet
Xom
The Shining One

Shops:
D:4 !   D:5 ?   D:7 [?***   D:10 [*

Annotations:
D:2 exclusion: oklob plant
D:4 Blork the orc


Innate Abilities, Weirdness & Mutations

You are too large for most types of armour.
You have claws for hands.
Your natural rate of healing is unusually fast.
You are covered in fur. (AC +1)
You have extremely tough skin. (AC +3)


Message History

You hit the hornet but do no damage.
Your weapon exudes an aura of protection.
The hornet is moderately wounded.
You feel sick. The hornet misses you. The wraith hits you!
The hornet stings you!
* * * LOW HITPOINT WARNING * * *
You feel as though you will be slow longer.
The wraith barely misses you.
You are too injured to fight recklessly!
You barely miss the hornet.
The hornet is moderately wounded.
You feel sick.
The hornet barely misses you. x2; The wraith closely misses you.
You are too injured to fight recklessly!
You are too injured to fight recklessly!
You closely miss the hornet.
The hornet is moderately wounded.
The hornet stings you!
* * * LOW HITPOINT WARNING * * *
You feel as though you will be slow longer.
The wraith closely misses you. The hornet stings you.
You die...

#.. #.. #..## #...#
#...+ #...# #.Wy#
#..@# ##...# ######
+...$##### #.....
#........+ #.....
#.#####..#######.....
#. #.............. #
#....∩.........
#..............
#..............
#...########... #...#
#...


You could see a hornet and a wraith.

Vanquished Creatures
  A boulder beetle (D:9)
  Eustachio (D:4)
  Edmund (D:4)
  Menkaure (Ossuary)
  3 water moccasins
  An orc warrior (D:8)
  2 ice beasts
  2 sky beasts
  3 ogres
  A necrophage (D:8)
  3 centaurs
  3 big kobolds
  5 bullfrogs
  4 scorpions
  3 wights
  19 killer bees
  2 vampire bats (D:5)
  4 howler monkeys (D:8)
  A bullfrog skeleton (D:5)
  3 bullfrog zombies
  2 centaur skeletons
  A centaur zombie (D:7)
  2 jellies
  7 orc wizards
  5 orc priests
  A gnoll shaman (D:7)
  6 hounds
  4 iguanas
  4 worker ants
  A hound zombie (D:9)
  3 hound skeletons
  4 mummies
  A worker ant zombie (D:7)
  Robin (D:3)
  10 adders
  15 gnolls
  A shadow imp (D:9)
  4 white imps
  3 ufetubi
  An ooze (D:1)
  An adder zombie (D:6)
  2 adder skeletons
  3 worms
  2 dart slugs (D:1)
  6 leopard geckos
  32 orcs
  4 bat skeletons (D:5)
  2 bat zombies (D:5)
  4 giant cockroaches
  5 gnoll zombies (Ossuary)
  18 goblins
  2 hobgoblins (D:1)
  14 jackals
  21 kobolds
  10 bats
  3 frilled lizards
  A giant cockroach zombie (D:5)
  3 gnoll skeletons (Ossuary)
  4 goblin skeletons (Ossuary)
  3 goblin zombies (Ossuary)
  6 hobgoblin skeletons (Ossuary)
  6 hobgoblin zombies (Ossuary)
  4 kobold skeletons (Ossuary)
  3 kobold zombies (Ossuary)
  3 orc skeletons (Ossuary)
  3 orc zombies (Ossuary)
  A quokka skeleton (D:4)
  9 rats
  2 rat skeletons (Ossuary)
  4 rat zombies (Ossuary)
320 creatures vanquished.

Vanquished Creatures (others)
  An orc wizard (D:8)
  A shadow imp (D:8)
  A hobgoblin skeleton (Ossuary)
  A hobgoblin zombie (Ossuary)
  An orc skeleton (Ossuary)
  A rat skeleton (Ossuary)
  2 fungi (D:2)
  A plant (D:2)
9 creatures vanquished.

Grand Total: 329 creatures vanquished

Notes
Turn   | Place    | Note
-------+----------+-------------------------------------------
     0 | D:1      | om the Troll Berserker began the quest for the Orb.
     0 | D:1      | Reached XP level 1. HP: 22/22 MP: 0/0
    87 | D:1      | Reached XP level 2. HP: 29/29 MP: 1/1
   357 | D:1      | Reached ** piety under Trog
   387 | D:1      | Reached XP level 3. HP: 36/36 MP: 2/2
   541 | D:2      | Reached XP level 4. HP: 34/44 MP: 3/3
   619 | D:2      | Found a white marble altar of Elyvilon.
  1057 | D:2      | Found a broken altar of Ashenzari.
  1136 | D:2      | Found a blossoming altar of Fedhas.
  1150 | D:2      | Noticed an oklob plant
  1424 | D:3      | Reached XP level 5. HP: 50/53 MP: 4/4
  1670 | D:3      | Found a burning altar of Makhleb.
  1770 | D:3      | Found a shimmering altar of Xom.
  1789 | D:3      | Reached *** piety under Trog
  1832 | D:4      | Noticed Robin
  1848 | D:3      | Killed Robin
  1916 | D:4      | Noticed Edmund
  1930 | D:4      | Killed Edmund
  1931 | D:4      | Reached skill level 5 in Unarmed Combat
  1931 | D:4      | Reached XP level 6. HP: 49/61 MP: 5/5
  2131 | D:4      | Reached XP level 7. HP: 68/68 MP: 6/6
  2142 | D:4      | Noticed Eustachio
  2163 | D:4      | Killed Eustachio
  2164 | D:4      | Reached skill level 5 in Dodging
  2166 | D:4      | Reached **** piety under Trog
  2240 | D:4      | Found an opulent altar of Gozag.
  2375 | D:4      | Noticed Blork the orc
  2384 | D:4      | Found a shimmering blue altar of Sif Muna.
  2539 | D:4      | Found Elop's Distillery.
  2542 | D:4      | Bought a potion of heal wounds for 50 gold pieces
  2542 | D:4      | Bought a potion of degeneration for 10 gold pieces
  2542 | D:4      | Bought a potion of might for 40 gold pieces
  2542 | D:4      | Bought 2 potions of flight for 60 gold pieces
  2542 | D:4      | Bought 2 potions of attraction for 60 gold pieces
  2563 | D:5      | Entered Level 5 of the Dungeon
  2762 | D:5      | Found a radiant altar of Vehumet.
  2836 | D:5      | Found Xuwnuzoh's Magic Scroll Emporium.
  2854 | D:5      | Reached XP level 8. HP: 31/78 MP: 7/7
  2858 | D:5      | Bought a scroll of identify for 28 gold pieces
  3203 | D:5      | Found an ancient bone altar of Kikubaaqudgha.
  3493 | D:6      | Reached skill level 1 in Evocations
  3667 | D:6      | Found a staircase to the Ecumenical Temple.
  3901 | D:6      | Found a glowing golden altar of the Shining One.
  3994 | D:6      | Reached XP level 9. HP: 83/84 MP: 8/8
  4085 | D:7      | Found Mosyb's General Store.
  4124 | D:7      | Bought a scroll of identify for 26 gold pieces
  4280 | D:7      | Found Laocvohe's General Store.
  4306 | D:7      | Found a sand-covered staircase.
  4314 | Ossuary  | Entered an ossuary
  4400 | Ossuary  | Reached ***** piety under Trog
  4591 | Ossuary  | Received a gift from Trog
  4646 | Ossuary  | Noticed Menkaure
  4653 | Ossuary  | Killed Menkaure
  4918 | D:7      | Found Magodidd's Assorted Antiques.
  4980 | D:7      | Bought a scroll of identify for 68 gold pieces
  4980 | D:7      | Bought a scroll labelled TALULI KEAKOF for 34 gold pieces
  5060 | D:7      | Reached skill level 1 in Maces & Flails
  5082 | D:7      | Found Ruleil's Magic Scroll Shop.
  5086 | D:7      | Bought a scroll of identify for 26 gold pieces
  5086 | D:7      | Bought a scroll of identify for 26 gold pieces
  5241 | D:7      | Found Zat Zow's Antique Armour Shoppe.
  6131 | D:8      | Found an iron altar of Okawaru.
  6158 | D:8      | Reached XP level 10. HP: 65/92 MP: 9/9
  6283 | D:8      | Received a gift from Trog
  6608 | D:8      | Reached skill level 5 in Maces & Flails
  7238 | D:9      | Found a transporter.
  7239 | D:9      | Found a transporter.
  7242 | D:9      | Noticed a boulder beetle
  7318 | D:9      | Found a stormy altar of Qazlal.
  7408 | D:9      | Found a shimmering altar of Xom.
  7409 | D:9      | Found a shimmering altar of Xom.
  7409 | D:9      | Found a shimmering altar of Xom.
  7409 | D:9      | Found a shimmering altar of Xom.
  7409 | D:9      | Found a shimmering altar of Xom.
  7409 | D:9      | Found a shimmering altar of Xom.
  7765 | D:9      | Killed a boulder beetle
  8244 | D:10     | Entered Level 10 of the Dungeon
  8275 | D:10     | Found Ifraufye's Assorted Antiques.
  8283 | D:10     | Bought a scroll labelled OXIKUW NERPH for 26 gold pieces
  8291 | D:10     | Found Wowavaag's Armour Shoppe.
  8300 | D:10     | Bought a +0 hat for 60 gold pieces
  8320 | D:10     | Paralysed by a hornet for 1 turns
  8330 | D:10     | HP: 2/92 [hornet (17)]
  8330 | D:10     | Slain by a hornet

Illustrated notes

Levels and vault maps discovered:
D:1:      minmay_arrival_up_and_down, layout_rooms
D:2:      layout_loops_ring, tgw_fedhas, elyvilon_altar_1,
          overflow_temple_1_default
D:3:      layout_rooms, lemuel_round_altar, lemuel_crystal_altar
D:4:      layout_cave_pools, tgw_sif, lemuel_round_altar, serial_shops,
          nicolae_shop_behind_doors, grunt_ministairs_1, supply_closet_lemuel,
          uniq_edmund, uniq_robin, uniq_eustachio
D:5:      layout_rooms, lemuel_round_altar, kennysheep_vampire_church,
          serial_shops, nicolae_shop_crystal, grunt_ministairs_4,
          minmay_circle_x
D:6:      layout_basic, tso_oasis_becter, minmay_temple_entry_slanted,
          kennysheep_generic_room_12
D:7:      layout_basic, serial_shops, shop_statue, shop, shop, shop,
          nicolae_shop_crystal, gup_ossuary_entry_pyramid
D:8:      layout_basic, okawaru_metal_pillars_1_2, serial_corexii_hall,
          corexii_hall_statues_u, chequers_hall_statues_y, corexii_corridor_pit
D:9:      gammafunk_boulding_lane, layout_loops_ring, basic_altar,
          xom_redecorated
D:10:     layout_irregular_city, serial_shops, shop, shop, shop, basic_altar,
          gammafunk_ghost_grave, minmay_misc_feat_nine_boxes

Skill      XL: |  1  2  3  4  5  6  7  8  9 10 |
---------------+-------------------------------+-----
Dodging        | 3 4 5 6 8 |  8.0
Unarmed Combat | 4 5 6 8 |  8.0
Fighting       | 3 4 |  4.0
Evocations     | 2 4 |  4.6
Maces & Flails | 4 7 |  7.5

Action                   |  1- 3 |  4- 6 |  7- 9 | 10-12 || total
-------------------------+-------+-------+-------+-------++-------
Melee: Unarmed           |   100 |   202 |   416 |    10 ||   728
       Punch             |       |     7 |    14 |    14 ||    35
       Whip              |       |       |    89 |       ||    89
       Mace              |       |       |       |   283 ||   283
       Dagger            |       |       |       |     4 ||     4
Invok: Berserk           |     1 |       |       |       ||     1
Evoke: Wand              |       |       |     4 |       ||     4
  Use: Scroll            |       |    12 |    10 |     2 ||    24
       Potion            |       |       |     7 |       ||     7
 Stab: Distracted        |       |       |       |     1 ||     1
Armor: Animal skin       |    46 |    89 |   148 |    92 ||   375
       Skin              |       |       |     7 |     7 ||    14
Dodge: Dodged            |    81 |   107 |   382 |   196 ||   766
